 Dungeon Crawl Stone Soup version 0.30-a0-137-gd8773701ce (webtiles) character file.

Game seed: 13594827114409080444

16 billz999 the Digger (level 2, -3/15 HPs)
             Began as a Gargoyle Earth Elementalist on Sept 22, 2022.
             Slain by a scorpion (5 damage)
             ... on level 2 of the Dungeon.
             The game lasted 00:02:24 (1218 turns).

billz999 the Digger (Gargoyle Earth Elementalist)   Turns: 1218, Time: 00:02:25

Health: -3/15      AC:  4    Str: 11    XL:     2   Next: 58%
Magic:  11/14      EV: 11    Int: 15    God:
Gold:   86         SH:  0    Dex: 10    Spells: 4/5 levels left

rFire   + . .      SeeInvis .    i - staff of fire
rCold   . . .      Faith    .    (no shield)
rNeg    + . .      Spirit   .    a - +0 robe
rPois   ∞          Reflect  .    (no helmet)
rElec   +          Harm     .    (no cloak)
rCorr   .          Rampage  .    (no gloves)
Will    .....                    (no boots)
Stlth   ++........               (no amulet)
HPRegen 0.05/turn                e - ring of magical power
MPRegen 0.14/turn                (no ring)

@: brilliant, flying
A: sickness immunity, AC +2, negative energy resistance 1, electricity
resistance, torment resistance 1, petrification resistance
a: no special abilities


You were on level 2 of the Dungeon.
You visited 1 branch of the dungeon, and saw 2 of its levels.

You collected 86 gold pieces.

Inventory:

Armour
 a - a +0 robe (worn)
Magical Staves
 i - a staff of fire (weapon)
Jewellery
 e - a ring of magical power (left hand)
Scrolls
 c - a scroll of immolation {unknown}
 d - a scroll of enchant armour {unknown}
 g - a scroll of blinking {unknown}
 j - a scroll of poison {unknown}
Potions
 b - a potion of magic
 f - a potion of brilliance


   Skills:
 - Level 1.5 Dodging
 - Level 2.1 Stealth
 * Level 2.4 Spellcasting
 + Level 1.1 Transmutations
 * Level 4.1 Earth Magic


You had 4 spell levels left.
You knew the following spells:

 Your Spells              Type           Power      Damage    Failure   Level
a - Sandblast             Erth           42%        2d11      4%          1

Your spell library contained the following spells:

 Spells                   Type           Power      Damage    Failure   Level
 Passwall                 Tmut/Erth      11%        N/A       11%         2
 Stone Arrow              Conj/Erth      22%        3d8       28%         3
 Petrify                  Tmut/Erth      14%        N/A       58%         4


Dungeon Overview and Level Annotations

Branches:
Dungeon (2/15)

Altars:


Innate Abilities, Weirdness & Mutations

You are immune to sickness and miasma.
Your stone body is resilient. (AC +2)
You are immune to poison.
You resist negative energy. (rN+)
You are resistant to electric shocks. (rElec)
You are resistant to unholy torment.
You are immune to petrification.


Message History

The scorpion barely misses you.
Casting: Sandblast (safe; 4% risk of failure)
Confirm with . or Enter, or press ? or * to list all spells.
Aiming: Sandblast (safe; 4% risk of failure)
Press: ? - help, Shift-Dir - straight line, f - dart slug, p - scorpion
Aim: a dart slug (severely wounded, 100% to hit)
The blast of sand hits the scorpion but does no damage.
The scorpion stings you. The scorpion barely misses you.
The scorpion stings you but does no damage.
The scorpion attacks as you move away!
The scorpion stings you but does no damage.
The scorpion attacks as you move away! The scorpion stings you.
Casting: Sandblast (safe; 4% risk of failure)
Confirm with . or Enter, or press ? or * to list all spells.
Aiming: Sandblast (safe; 4% risk of failure)
Press: ? - help, Shift-Dir - straight line, f/p - dart slug
Aim: a dart slug (severely wounded, 100% to hit)
The blast of sand hits the scorpion.
The scorpion is moderately wounded.
The scorpion barely misses you. The scorpion stings you.
Casting: Sandblast (safe; 4% risk of failure)
Confirm with . or Enter, or press ? or * to list all spells.
Aiming: Sandblast (safe; 4% risk of failure)
Press: ? - help, Shift-Dir - straight line, f/p - dart slug
Aim: a dart slug (severely wounded, 100% to hit)
The blast of sand hits the scorpion.
The scorpion is heavily wounded.
The scorpion stings you. x2
* * * LOW HITPOINT WARNING * * *
You aren't carrying any items that you can evoke.
Unknown command.
It was a potion of brilliance.
You feel clever all of a sudden. The scorpion closely misses you.
The scorpion barely misses you.
It was a potion of flight.
You feel very buoyant.
You fly up into the air.
The scorpion barely misses you. The scorpion attacks as you move away!
The scorpion closely misses you. The scorpion stings you.
You die...

#########
#........
#@# #s# #.#
#.# #w# #S#
#.# #.#
#######.####
####


You could see a scorpion, a dart slug and a ball python.

Vanquished Creatures
  An endoplasm (D:1)
  A giant cockroach (D:1)
  3 hobgoblins
  4 jackals (D:1)
  2 kobolds (D:1)
  A ball python (D:1)
  A frilled lizard (D:1)
  A rat (D:1)
14 creatures vanquished.

Notes
Turn   | Place    | Note
-------+----------+-------------------------------------------
     0 | D:1      | billz999 the Gargoyle Earth Elementalist began the quest
                  | for the Orb.
     0 | D:1      | Reached XP level 1. HP: 10/10 MP: 3/3
   697 | D:1      | Reached skill level 1 in Transmutations
   697 | D:1      | Reached XP level 2. HP: 15/15 MP: 5/5
   715 | D:1      | Reached skill level 4 in Earth Magic
  1196 | D:2      | Noticed a scorpion
  1218 | D:2      | Slain by a scorpion

Illustrated notes

Levels and vault maps discovered:
D:1:      lemuel_arrival_rhombus, layout_basic
D:2:      layout_basic, shapermc_ecumenical_altar_mp_urbaneastern, uniq_sigmund,
          uniq_terence

Skill      XL: |  1  2 |
---------------+-------+-----
Transmutations | 1 |  1.1
Earth Magic    | 4 |  4.1
Dodging        | |  1.5
Stealth        | |  2.1
Spellcasting   | |  2.4

Action                   || total
-------------------------++-------
Melee: Unarmed           ||    12
 Cast: Sandblast         ||    23
  Use: Potion            ||     2
 Stab: Sleeping          ||     1
Armor: Robe              ||     8
Dodge: Dodged            ||    28

Table legend: (Time is in decaauts)
 A = Elapsed time spent in this place.
 B = Non-inter-level travel time spent in this place.
 C = Inter-level travel time spent in this place.
 D = Time resting spent in this place.
 E = Time spent auto-exploring this place.
 F = Levels seen in this place.
 G = Mean time per level.
                   A        B        C        D        E       F      G
               +--------+--------+--------+--------+--------+-----+--------+
         Total |   1228 |   1191 |     37 |     95 |    983 |   2 |  614.0 |
       Dungeon |   1228 |   1191 |     37 |     95 |    983 |   2 |  614.0 |
               +--------+--------+--------+--------+--------+-----+--------+

Top non-repeatable levels by time:
     D:1: 1193 daAuts
     D:2: 34 daAuts
